 Dungeon Crawl Stone Soup version 0.30-a0-778-g2ef04afb54 (webtiles) character file.

Game seed: 14302522053156063790

3999 BRD the Blocker (level 10, -17/82 HPs)
             Began as a Gnoll Fighter on Feb 16, 2023.
             Was an Elder of Okawaru.
             Killed from afar by a Hell Sentinel (34 damage)
             ... with damnation
             ... on level 1 of the Abyss.
             The game lasted 00:16:25 (8378 turns).

BRD the Blocker (Gnoll Fighter)                     Turns: 8378, Time: 00:16:25

Health: -17/82     AC: 15    Str: 19    XL:     10   Next: 23%
Magic:  17/17      EV:  8    Int:  7    God:    Okawaru [****..]
Gold:   470        SH:  7    Dex: 19    Spells: 19/19 levels left

rFire   . . .      SeeInvis .    a - +0 war axe (elec)
rCold   . . .      Faith    .    c - +0 buckler
rNeg    . . .      Spirit   .    B - +0 plate armour {rPois}
rPois   +          Reflect  .    (no helmet)
rElec   .          Harm     .    (no cloak)
rCorr   .          Rampage  .    (no gloves)
Will    .....                    h - +0 pair of boots Stlth
                                 (no amulet)
HPRegen 0.33/turn                m - +6 ring of dexterity
MPRegen 0.15/turn                (no ring)

@: about to teleport
A: fangs 1, strong nose, distributed training
a: Renounce Religion, Heroism, Finesse


You were on level 1 of the Abyss.
You worshipped Okawaru.
Okawaru was greatly pleased with you.
You visited 2 branches of the dungeon, and saw 9 of its levels.
You visited the Abyss 1 time.
You also visited: Sewer.

You collected 470 gold pieces.

Inventory:

Hand Weapons
 a - a +0 war axe of electrocution (weapon)
 F - a +4 battleaxe
Missiles
 d - 19 poisoned darts (quivered)
 n - a curare-tipped dart
 t - 4 silver boomerangs
Armour
 c - a +0 buckler (worn)
 h - a +0 pair of boots (worn)
 B - a +0 plate armour of poison resistance (worn)
Jewellery
 b - a ring of fire
 m - a +6 ring of dexterity (left hand)
 r - a +6 ring of intelligence
Wands
 j - a wand of roots (13)
 y - a wand of flame (15)
Scrolls
 e - a scroll of brand weapon
 f - a scroll of teleportation
 g - 2 scrolls of fear
 i - a scroll of enchant weapon
 k - a scroll of amnesia
 l - 2 scrolls of enchant armour
 o - a scroll of silence {unknown}
 q - a scroll of acquirement {unknown}
 x - a scroll of poison {unknown}
 C - a scroll of fog {unknown}
Potions
 p - a potion of ambrosia {unknown}
 s - a potion of heal wounds {unknown}
 u - 6 potions of flight
 v - 3 potions of cancellation
 w - 2 potions of brilliance {unknown}
 z - a potion of magic {unknown}
 A - a potion of invisibility {unknown}
 D - a potion of berserk rage {unknown}
 E - a potion of degeneration {unknown}


   Skills:
 + Level 8.5 Fighting
 + Level 5.2 Short Blades
 + Level 5.2 Long Blades
 + Level 7.1 Axes
 + Level 5.2 Maces & Flails
 + Level 5.2 Polearms
 + Level 5.2 Staves
 + Level 5.2 Ranged Weapons
 + Level 5.2 Throwing
 + Level 8.5 Armour
 + Level 5.2 Dodging
 + Level 5.2 Stealth
 + Level 8.5 Shields
 + Level 5.2 Unarmed Combat
 + Level 5.2 Spellcasting
 + Level 4.3 Conjurations
 + Level 4.3 Hexes
 + Level 4.3 Summonings
 + Level 4.3 Necromancy
 + Level 4.3 Translocations
 + Level 4.3 Transmutations
 + Level 4.3 Fire Magic
 + Level 4.3 Ice Magic
 + Level 4.3 Air Magic
 + Level 4.3 Earth Magic
 + Level 4.3 Poison Magic
 + Level 5.8 Invocations
 + Level 5.2 Evocations


You had 19 spell levels left.
You didn't know any spells.
Your spell library contained the following spells:

 Spells                   Type           Power      Damage    Failure   Level
 Cigotuvi's Dreadful Rot  Necr/Pois/Air  14%        N/A       88%         2
 Poisonous Vapours        Pois/Air       14%        N/A       88%         2
 Static Discharge         Conj/Air       14%        2-3/arc   88%         2
 Mephitic Cloud           Conj/Pois/Air  7%         N/A       98%         3
 Vhi's Electric Charge    Tloc/Air       14%        N/A       98%         3
 Arcjolt                  Conj/Air       3%         1d13      100%        5
 Borgnjor's Vile Clutch   Necr/Erth      3%         N/A       100%        5
 Lightning Bolt           Conj/Air       3%         1d15      100%        5
 Animate Dead             Necr           Unusable   N/A       N/A         4
 Death Channel            Necr           Unusable   N/A       N/A         6

Dungeon Overview and Level Annotations

Branches:
Dungeon (8/15)             Temple (1/1) D:4           Sewer (visited)
   Lair: D:8-11

Altars:
Ashenzari
Cheibriados
Dithmenos
Elyvilon
Fedhas
Gozag
Kikubaaqudgha
Nemelex Xobeh
Okawaru
Qazlal
Ru
Sif Muna
Trog
Uskayaw
Vehumet
Wu Jian
Yredelemnul
Zin
The Shining One

Shops:
D:5 !   D:6 *

Annotations:
D:4 1 runed translucent door, Crazy Yiuf


Innate Abilities, Weirdness & Mutations

You have very sharp teeth.
Your uncanny sense of smell can sniff out nearby items.
Your experience applies equally to all skills.


Message History

You barely miss the small abomination.
You bite the small abomination, but do no damage.
You block the small abomination's attack.
You hit the small abomination but do no damage.
Your bite misses the small abomination. The small abomination hits you.
* * * LOW HITPOINT WARNING * * *
You completely miss the small abomination.
You bite the small abomination, but do no damage.
The small abomination barely misses you.
You hit the small abomination.
Lightning courses through the small abomination!
You bite the small abomination, but do no damage.
The small abomination is severely damaged.
The small abomination hits you but does no damage.
You slash the small abomination!
Lightning courses through the small abomination!
You destroy the small abomination!
Okawaru accepts your kill.
You start resting.
A large abomination comes into view.
You start resting.
A Hell Sentinel comes into view.
The Hell Sentinel roars!
The Hell Sentinel gestures at you.
The sphere of damnation explodes!
The damnation engulfs you!!
* * * LOW HITPOINT WARNING * * *
You hear a chilling moan.
You can't see any enemies this would affect, really read the scroll of fear?
Okay, then.
Okay, then.
Okay, then.
As you read the scroll of teleportation, it crumbles to dust.
You feel strangely unstable.
You feel the power of the Abyss delaying your translocation!
The Hell Sentinel gestures at you. You block the iron shot.
A quasit comes into view.
The Hell Sentinel gestures at you.
The sphere of damnation explodes!
The damnation engulfs you!!
You die...

##... ##
##...#...# ##
X... ... . .
..#..#. . §##.#.
..#..#§#
...#.##..#..#
#......#..#
#..#.....#
#.@#.#.# #.
#.#.## #..#.#1#
#... ##.#...###
.#.. #.#§## ..#
.. X # #. .
#.### #.#...#
#...###5#.
..##.# . #
#.##..#...##....
# .. #....
.###.#.##. ..


You could see a Hell Sentinel.

Vanquished Creatures
  Pikel (D:5)
  A hornet (D:7)
  A wyvern (D:8)
  Eustachio (D:4)
  A water moccasin (D:5)
  Pargi (Sewer)
  4 ice beasts
  2 orc warriors
  3 sky beasts
  2 small abominations (Abyss:1)
  2 centaurs
  An ogre (D:4)
  A phantom (D:6)
  A kobold brigand (D:8)
  A necrophage (D:5)
  4 scorpions
  7 wights
  A hound (D:7)
  5 orc priests
  3 jellies
  2 iguanas
  8 orc wizards
  13 adders
  2 gnolls (D:8)
  A river rat (D:6)
  An ufetubus (D:6)
  2 worms
  32 orcs
  13 ball pythons
  4 bats
  3 endoplasms
  6 giant cockroaches
  3 goblins
  3 hobgoblins
  3 jackals (D:1)
  3 quokkas
  6 frilled lizards
  12 kobolds
  9 rats
169 creatures vanquished.

Vanquished Creatures (others)
  A fungus (D:1)
  5 toadstools (D:2)
6 creatures vanquished.

Grand Total: 175 creatures vanquished

Notes
Turn   | Place    | Note
-------+----------+-------------------------------------------
     0 | D:1      | BRD the Gnoll Fighter began the quest for the Orb.
     0 | D:1      | Reached XP level 1. HP: 23/23 MP: 1/1
    97 | D:1      | Found a faded altar of an unknown god.
   262 | D:1      | Reached XP level 2. HP: 29/29 MP: 2/2
   944 | D:2      | Reached XP level 3. HP: 35/35 MP: 3/3
  1056 | D:2      | Reached skill level 1 in Invocations
  1093 | D:2      | Found an ornate altar of the Wu Jian Council.
  1126 | D:2      | Reached skill level 1 in Short Blades
  1126 | D:2      | Reached skill level 1 in Long Blades
  1126 | D:2      | Reached skill level 1 in Maces & Flails
  1126 | D:2      | Reached skill level 1 in Polearms
  1126 | D:2      | Reached skill level 1 in Staves
  1126 | D:2      | Reached skill level 1 in Ranged Weapons
  1126 | D:2      | Reached skill level 1 in Throwing
  1126 | D:2      | Reached skill level 1 in Dodging
  1126 | D:2      | Reached skill level 1 in Stealth
  1126 | D:2      | Reached skill level 1 in Unarmed Combat
  1126 | D:2      | Reached skill level 1 in Spellcasting
  1126 | D:2      | Reached skill level 1 in Evocations
  1305 | D:2      | Reached XP level 4. HP: 33/41 MP: 5/5
  1555 | D:3      | Found a white marble altar of Elyvilon.
  1739 | D:3      | Reached skill level 1 in Conjurations
  1739 | D:3      | Reached skill level 1 in Hexes
  1739 | D:3      | Reached skill level 1 in Summonings
  1739 | D:3      | Reached skill level 1 in Necromancy
  1739 | D:3      | Reached skill level 1 in Translocations
  1739 | D:3      | Reached skill level 1 in Transmutations
  1739 | D:3      | Reached skill level 1 in Fire Magic
  1739 | D:3      | Reached skill level 1 in Ice Magic
  1739 | D:3      | Reached skill level 1 in Air Magic
  1739 | D:3      | Reached skill level 1 in Earth Magic
  1739 | D:3      | Reached skill level 1 in Poison Magic
  2082 | D:4      | Reached XP level 5. HP: 46/47 MP: 7/7
  2166 | D:4      | Found a staircase to the Ecumenical Temple.
  2175 | Temple   | Entered the Ecumenical Temple
  2361 | Temple   | Became a worshipper of Warmaster Okawaru
  2404 | D:4      | Noticed an ogre
  2411 | D:4      | Killed an ogre
  2441 | D:4      | Found a stormy altar of Qazlal.
  2456 | D:4      | Reached XP level 6. HP: 52/53 MP: 8/8
  2559 | D:4      | Reached skill level 5 in Axes
  2821 | D:4      | Reached * piety under Okawaru
  2836 | D:4      | Found a hide-covered altar of Uskayaw.
  2931 | D:4      | Noticed Eustachio
  2951 | D:4      | Killed Eustachio
  2952 | D:4      | Reached XP level 7. HP: 58/60 MP: 10/10
  2960 | D:4      | Found a runed translucent door.
  2961 | D:4      | Noticed Crazy Yiuf
  3479 | D:5      | Entered Level 5 of the Dungeon
  3589 | D:5      | Reached ** piety under Okawaru
  3657 | D:5      | Found Kiaruer's Distillery.
  3722 | D:5      | Reached XP level 8. HP: 47/67 MP: 12/12
  3976 | D:5      | Noticed Pikel
  3997 | D:5      | Killed Pikel
  4407 | D:5      | Reached *** piety under Okawaru
  4440 | D:5      | Found a glowing golden altar of the Shining One.
  4751 | D:6      | Reached XP level 9. HP: 73/73 MP: 14/14
  5175 | D:6      | Found a glowing drain.
  5191 | Sewer    | Entered a sewer
  5359 | Sewer    | Noticed Pargi
  5365 | Sewer    | Killed Pargi
  5593 | D:6      | Found Dipsugaz's General Store.
  5624 | D:7      | Noticed a hornet
  5628 | D:7      | Killed a hornet
  5862 | D:7      | Reached skill level 5 in Invocations
  5909 | D:7      | Reached **** piety under Okawaru
  6718 | D:8      | Found a sacrificial altar of Ru.
  6856 | D:8      | Reached skill level 5 in Short Blades
  6856 | D:8      | Reached skill level 5 in Long Blades
  6856 | D:8      | Reached skill level 5 in Maces & Flails
  6856 | D:8      | Reached skill level 5 in Polearms
  6856 | D:8      | Reached skill level 5 in Staves
  6856 | D:8      | Reached skill level 5 in Ranged Weapons
  6856 | D:8      | Reached skill level 5 in Throwing
  6856 | D:8      | Reached skill level 5 in Dodging
  6856 | D:8      | Reached skill level 5 in Stealth
  6856 | D:8      | Reached skill level 5 in Unarmed Combat
  6856 | D:8      | Reached skill level 5 in Spellcasting
  6856 | D:8      | Reached skill level 5 in Evocations
  6856 | D:8      | Reached XP level 10. HP: 53/81 MP: 17/17
  7018 | D:8      | Found an opulent altar of Gozag.
  7024 | D:8      | Received a gift from Okawaru
  7824 | Abyss:1  | Cast into level 1 of the Abyss (gnoll sergeant)
  7846 | Abyss:1  | Found a corrupted altar of Lugonu.
  7848 | Abyss:1  | Noticed a smoke demon
  7850 | Abyss:1  | Noticed a starflower
  7851 | Abyss:1  | Noticed a starflower
  8071 | Abyss:1  | Noticed a worldbinder
  8073 | Abyss:1  | Noticed a necromancer
  8134 | Abyss:1  | Noticed a bone dragon
  8170 | Abyss:1  | Noticed a lich
  8179 | Abyss:1  | Found a shimmering blue altar of Sif Muna.
  8242 | Abyss:1  | Noticed a starcursed mass
  8272 | Abyss:1  | Noticed a rakshasa
  8359 | Abyss:1  | Noticed a Hell Sentinel
  8378 | Abyss:1  | Killed from afar by a Hell Sentinel

Illustrated notes

Levels and vault maps discovered:
D:1:      co_arrival_two_rings, layout_loops_corners,
          shapermc_ecumenical_altar_ellora, palyth_stone_intersect,
          kennysheep_small_spiral, due_unseen_surprise
D:2:      layout_rooms, basic_altar, minmay_gold_behind_fungi, eino_tiny_chamber
D:3:      layout_rooms, lemuel_crystal_altar, chequers_serial_rivers_large_b
D:4:      layout_basic, grunt_qazlal_clouds, old_standard_altar,
          minmay_temple_entry_drinking_statues, serial_rivers,
          chequers_serial_rivers_room_b, chequers_serial_rivers_room_b,
          chequers_serial_rivers_micro_d, chequers_serial_rivers_large_a,
          chequers_serial_rivers_room_b, chequers_serial_rivers_micro_c,
          minmay_stone_trees_medium, grunt_ministairs_13,
          uniq_crazy_yiuf_cottage, uniq_eustachio
D:5:      layout_loops_corners, nicolae_tso_carved_into_rock, serial_shops,
          nicolae_take_the_stairs, nicolae_titane, uniq_pikel
D:6:      layout_gridville, serial_shops, shop, portal_sewer_entry_b,
          minmay_misc_feat_encased, kennysheep_generic_room_16
D:7:      layout_loops_corners, serial_park_tiny_2
D:8:      layout_basic, grunt_gozag_breadcrumbs, nicolae_wu_jian_wuxing_cycle,
          mainiacjoe_overflow_small_starburst, minmay_fractal_squares_gapless_5
Temple:   chequers_temple_sunken
Abyss:1:  base: D:7, spicy_abyss_rude_harpoons

Skill      XL: |  1  2  3  4  5  6  7  8  9 10 |
---------------+-------------------------------+-----
Invocations    | 1 2 3 4 5 |  5.8
Short Blades   | 1 2 3 5 |  5.2
Long Blades    | 1 2 3 5 |  5.2
Maces & Flails | 1 2 3 5 |  5.2
Polearms       | 1 2 3 5 |  5.2
Staves         | 1 2 3 5 |  5.2
Ranged Weapons | 1 2 3 5 |  5.2
Throwing       | 1 2 3 5 |  5.2
Dodging        | 1 2 3 5 |  5.2
Stealth        | 1 2 3 5 |  5.2
Unarmed Combat | 1 2 3 5 |  5.2
Spellcasting   | 1 2 3 5 |  5.2
Evocations     | 1 2 3 5 |  5.2
Conjurations   | 1 2 3 4 |  4.3
Hexes          | 1 2 3 4 |  4.3
Summonings     | 1 2 3 4 |  4.3
Necromancy     | 1 2 3 4 |  4.3
Translocations | 1 2 3 4 |  4.3
Transmutations | 1 2 3 4 |  4.3
Fire Magic     | 1 2 3 4 |  4.3
Ice Magic      | 1 2 3 4 |  4.3
Air Magic      | 1 2 3 4 |  4.3
Earth Magic    | 1 2 3 4 |  4.3
Poison Magic   | 1 2 3 4 |  4.3
Axes           | 5 6 7 |  7.1
Fighting       | 7 8 |  8.5
Armour         | 7 8 |  8.5
Shields        | 7 8 |  8.5

Action                     |  1- 3 |  4- 6 |  7- 9 | 10-12 || total
---------------------------+-------+-------+-------+-------++-------
  Melee: War axe           |    71 |   107 |   219 |    75 ||   472
         Bite              |     7 |     6 |    29 |     6 ||    48
         Flail             |       |       |    38 |       ||    38
  Throw: Dart              |       |     4 |     3 |       ||     7
         Boomerang         |       |     3 |       |       ||     3
    Use: Potion            |       |       |     2 |     6 ||     8
         Scroll            |       |       |    10 |     5 ||    15
   Stab: Sleeping          |       |     1 |     4 |       ||     5
 Armour: Scale mail        |    35 |    10 |       |       ||    45
         Ring mail         |       |    42 |    38 |       ||    80
         Plate armour      |       |       |    85 |    55 ||   140
         Skin              |       |       |       |    11 ||    11
  Dodge: Dodged            |    36 |    49 |    98 |    36 ||   219
  Block: Buckler           |    17 |    30 |    97 |    33 ||   177

Table legend: (Time is in decaauts)
 A = Elapsed time spent in this place.
 B = Non-inter-level travel time spent in this place.
 C = Inter-level travel time spent in this place.
 D = Time resting spent in this place.
 E = Time spent auto-exploring this place.
 F = Levels seen in this place.
 G = Mean time per level.
                   A        B        C        D        E       F      G
               +--------+--------+--------+--------+--------+-----+--------+
         Total |   8600 |   8350 |    250 |    687 |   6018 |  11 |  781.8 |
       Dungeon |   7578 |   7343 |    235 |    369 |   5636 |   8 |  947.2 |
        Temple |    257 |    242 |     15 |      0 |    201 |   1 |  257.0 |
         Abyss |    555 |    555 |      0 |    318 |     22 |   1 |  555.0 |
         Sewer |    208 |    208 |      0 |      0 |    159 |   1 |  208.0 |
               +--------+--------+--------+--------+--------+-----+--------+

Top non-repeatable levels by time:
     D:5: 1292 daAuts
     D:4: 1258 daAuts
     D:8: 1244 daAuts
     D:7: 988 daAuts
     D:1: 944 daAuts
     D:6: 682 daAuts
     D:2: 632 daAuts
 Abyss:1: 555 daAuts
     D:3: 534 daAuts
  Temple: 257 daAuts
   Sewer: 208 daAuts
